 Dungeon Crawl Stone Soup version 0.19.1 (webtiles) character file.

267 ChaseSP the Chiller (level 6, -3/41 HPs)
             Began as a Merfolk Ice Elementalist on Nov 28, 2016.
             Slain by Fear's ghost (15 damage)
             ... on level 3 of the Dungeon.
             The game lasted 00:10:10 (4452 turns).

ChaseSP the Chiller (Merfolk Ice Elementalist)      Turns: 4452, Time: 00:10:10

Health: -3/41      AC:  3    Str:  9    XL:     6   Next: 21%
Magic:  18/18      EV: 13    Int: 16    God:
Gold:   124        SH:  0    Dex: 14    Spells: 3 memorised, 1 level left

rFire  . . .     SeeInvis .     h - +0 trident
rCold  . . .     Gourm    .     a - +0 robe
rNeg   . . .     Faith    .     (no shield)
rPois  .         Spirit   .     (no helmet)
rElec  .         Reflect  .     k - +0 cloak
rCorr  .         Harm     .     (no gloves)
MR     .....                    (no boots)
Stlth  ++........               g - amulet of rage
                                (no ring)
                                f - ring of magical power

@: no status effects
A: change form in water, swift swim, stealthy swim
a: Evoke Berserk Rage


You were on level 3 of the Dungeon.
You were not hungry.

You visited 1 branch of the dungeon, and saw 4 of its levels.

You collected 124 gold pieces.

Inventory:

Hand Weapons
 h - a +0 trident (weapon)
Armour
 a - a +0 robe (worn)
 d - a +0 ring mail
 k - a +0 cloak (worn)
Jewellery
 f - a ring of magical power (left hand)
 g - an amulet of rage (around neck)
Scrolls
 i - a scroll of remove curse
 o - a scroll of enchant armour {unknown}
 p - a scroll of amnesia {unknown}
 q - a scroll of identify {unknown}
 s - a scroll of teleportation {unknown}
 v - a scroll of recharging {unknown}
Potions
 e - a potion of ambrosia {unknown}
 j - a potion of degeneration {unknown}
 l - a potion of lignification {unknown}
 m - a potion of mutation {unknown}
 r - a potion of agility {unknown}
 t - 2 potions of haste {unknown}
Books
 b - a book of Frost

   Spells                             Type                      Level
   a - Freeze                         Ice                          1
   b - Throw Frost                    Conjuration/Ice              2
   c - Ozocubu's Armour               Charms/Ice                   3
   d - Throw Icicle                   Conjuration/Ice              4
   e - Summon Ice Beast               Ice/Summoning                4
Comestibles
 c - 2 bread rations
 n - 2 fruits
 u - a beef jerky
 w - 2 meat rations


   Skills:
 - Level 2.6 Dodging
 - Level 2.1 Stealth
 - Level 2.2 Spellcasting
 * Level 1.7 Conjurations
 + Level 3.2 Charms
 * Level 5.9 Ice Magic


You had one spell level left.
You knew the following spells:

 Your Spells              Type           Power        Failure   Level  Hunger
a - Freeze                Ice            ###.         1%          1    #......
b - Ozocubu's Armour      Chrm/Ice       ###.....     12%         3    ###....
c - Throw Icicle          Conj/Ice       ##......     50%         4    #####..


Dungeon Overview and Level Annotations

Branches:
Dungeon (4/15)
 Temple: D:4-7

Altars:

Annotations:
D:3 Fear's ghost, amateur TrCK


Message History

Eating one of 3 chunks of flesh.
You start eating one of the 3 chunks of flesh.
You are feeling hungry.
This raw flesh tastes terrible.
You start resting.
All of the chunks of flesh in your inventory have rotted away.
HP restored.
Found a club.
i - a scroll of remove curse
There is a stone staircase leading up here.
You climb upwards.
Level annotation: Fear's ghost, amateur TrCK The orc closely misses you.
Fear's ghost hits you!
The orc hits you with a whip of electrocution.
You are electrocuted!
* * * LOW HITPOINT WARNING * * *
There is a stone staircase leading down, spattered with blood here.
Unknown command.
Fear's ghost hits you!
You die...

# #.....# ##.##.#
#...o.# # ########.#
#..#.# #####.# #
#....###.# ##.#.# #.# #
'......(.# #...# #o# #
#....##########[.#######
#.# # #....#
#.....##.......(# #.# #
#....# #.....##........#
#.######
#....###.....##..o.....#
#...o...
.......'.....'..@......#
########
########.....##.W......#
#########....#### #....#
######


You could see Fear's ghost and an orc.

Vanquished Creatures
  An orc wizard (D:3)
  Natasha (thrice) (D:3)
  5 adders
  2 oozes (D:3)
  4 worms
  3 dart slugs
  4 leopard geckos
  7 orcs
  12 bats
  3 giant cockroaches
  5 goblins
  14 hobgoblins
  3 jackals (D:2)
  2 quokkas
  3 frilled lizards (D:2)
  6 kobolds
  6 rats
83 creatures vanquished.

Notes
Turn   | Place    | Note
-------+----------+-------------------------------------------
     0 | D:1      | ChaseSP the Merfolk Ice Elementalist began the quest for the Orb.
     0 | D:1      | Reached XP level 1. HP: 13/13 MP: 3/3
    96 | D:1      | Reached XP level 2. HP: 17/19 MP: 5/5
   491 | D:1      | Reached skill level 4 in Ice Magic
   929 | D:1      | Reached XP level 3. HP: 10/24 MP: 6/6
   938 | D:1      | Learned a level 3 spell: Ozocubu's Armour
  1383 | D:2      | Reached skill level 1 in Charms
  1446 | D:2      | Reached XP level 4. HP: 26/30 MP: 7/7
  1682 | D:2      | Reached skill level 5 in Ice Magic
  2639 | D:3      | Noticed Natasha
  2822 | D:3      | Killed Natasha
  2822 | D:3      | Reached XP level 5. HP: 28/35 MP: 8/8
  2840 | D:3      | Noticed Natasha
  2852 | D:3      | Killed Natasha
  2872 | D:3      | Learned a level 4 spell: Throw Icicle
  2921 | D:3      | Reached skill level 1 in Conjurations
  3121 | D:3      | Noticed Fear's ghost (amateur TrCK)
  3386 | D:2      | Reached XP level 6. HP: 3/41 MP: 9/9
  3656 | D:3      | Noticed Natasha
  3666 | D:3      | Killed Natasha
  4452 | D:3      | Slain by Fear's ghost

Skill      XL: |  1  2  3  4  5 |
---------------+----------------+-----
Ice Magic      | 4 5 |  5.9
Charms         | 1 2 3 |  3.2
Conjurations   | 1 |  1.7
Dodging        | |  2.6
Stealth        | |  2.1
Spellcasting   | |  2.2

Action                   |  1- 3 |  4- 6 || total
-------------------------+-------+-------++-------
Melee: Club              |    84 |       ||    84
       Short sword       |    69 |    72 ||   141
       Trident           |       |    81 ||    81
 Cast: Freeze            |    14 |    45 ||    59
       Ozocubu's Armour  |       |     1 ||     1
  Use: Scroll            |       |     4 ||     4
 Stab: Sleeping          |     3 |     2 ||     5
       Distracted        |       |     2 ||     2
  Eat: Chunk             |     2 |    11 ||    13
Armor: Robe              |    36 |     4 ||    40
       Ring mail         |    22 |    62 ||    84
Dodge: Dodged            |   128 |   131 ||   259
